Map: Ruins of Seras

Players

Bagain - Winner!

  • Race: Protoss Protoss
  • League: Silver

아로프

  • Race: Terran Terran
  • League: Gold

VOD

Have the link to the VOD?

Description

Time

  • Played on: Feb. 1, 2016, 4:13 a.m.
  • Length: 10:20
Show
View Real Time Build Order
Export as new Build Order

Bagain Protoss - Winner!

Build Orders: Nexus First 

Get SALT Encoding   

  12  0:01  Probe (Chrono Boost)  
  13  0:12  Probe (Chrono Boost)  
  14  0:19  Pylon  
  14  0:23  Probe (Chrono Boost)  
  15  0:37  Probe (Chrono Boost)  
  16  0:58  Nexus  
  16  1:02  Probe (Chrono Boost)  
  17  1:13  Gateway  
  17  1:16  Probe (Chrono Boost)  
  18  1:22  Assimilator  
  18  1:34  Probe (Chrono Boost)  
  18  1:35  Pylon  
  19  1:45  Probe (Chrono Boost)  
  20  1:52  Gateway  
  21  2:01  Probe (Chrono Boost)  
  21  2:15  Cybernetics Core  
  21  2:16  Assimilator, Probe (Chrono Boost)  
  21  2:22  Pylon  
  22  2:41  Probe (Chrono Boost)  
  22  2:43  Probe (Chrono Boost)  
  24  2:45  Zealot x2 (Chrono Boost)  
  28  2:51  Warp Gate (Chrono Boost)  
  28  2:54  Probe  
  28  2:57  Pylon  
  29  3:05  Mothership Core, Probe  
  32  3:13  Pylon  
  32  3:16  Probe  
  33  3:26  Robotics Facility  
  33  3:33  Adept  
  37  3:34  Sentry  
  37  3:41  Probe  
  37  3:43  Probe  
  39  3:52  Probe  
  39  3:55  Probe  
  41  3:58  Gateway  
  41  4:03  Probe  
  42  4:10  Forge  
  42  4:13  Adept x2  
  42  4:14  Probe  
  42  4:15  Probe  
  48  4:25  Probe  
  48  4:27  Probe, Assimilator  
  50  4:32  Assimilator  
  50  4:34  Observer  
  50  4:35  Probe  
  52  4:50  Pylon  
  52  4:55  Protoss Ground Weapons Level 1, Pylon  
  52  4:59  Probe  
  52  5:00  Probe  
  52  5:02  Immortal (Chrono Boost)  
  58  5:09  Stalker  
  58  5:10  Stalker x2  
  64  5:22  Pylon  
  64  5:28  Probe  
  64  5:30  Probe  
  66  5:39  Probe  
  66  5:42  Probe  
  66  5:49  Probe  
  61  5:54  Probe  
  57  6:02  Adept  
  57  6:04  Adept x2  
  63  6:17  Pylon, Probe  
  63  6:19  Pylon, Probe  
  63  6:20  Pylon  
  61  6:31  Adept x3  
  67  6:37  Photon Cannon  
  67  6:41  Observer (Chrono Boost)  
  67  6:42  Photon Cannon  
  67  6:44  Photon Cannon  
  68  6:51  Photon Cannon  
  68  6:54  Photon Cannon  
  68  6:58  Adept, Photon Cannon  
  68  6:59  Adept  
  68  7:00  Observer (Chrono Boost)  
  73  7:21  Immortal (Chrono Boost)  
  77  7:29  Adept x3  
  83  7:32  Protoss Ground Armor Level 1  
  83  7:36  Twilight Council  
  83  7:41  Gateway  
  83  7:42  Gateway  
  83  7:46  Gateway  
  83  8:08  Nexus  
  83  8:14  Adept x3  
  83  8:18  Resonating Glaives (Chrono Boost)  
  89  8:25  Immortal  
  93  8:45  Photon Cannon  
  93  9:03  Immortal  
  93  9:06  Adept x6  
  109  9:28  Probe  
  109  9:29  Probe  
  109  9:30  Probe  
  112  9:34  Zealot x5  
  112  9:35  Zealot  
  124  9:39  Probe  
  125  9:58  Probe  
  125  10:05  Probe  
  124  10:10  Adept x2  
  124  10:11  Adept x2  
  124  10:17  Pylon  
Show
View Real Time Build Order
Export as new Build Order

아로프 Terran 

Build Orders: MMM Bio 

Get SALT Encoding   

  12  0:02  SCV  
  13  0:14  SCV  
  14  0:22  Supply Depot  
  14  0:26  SCV  
  15  0:46  Barracks  
  15  0:47  SCV  
  16  0:59  SCV  
  17  1:14  SCV  
  18  1:27  SCV  
  19  1:35  Supply Depot  
  19  1:38  Refinery  
  19  1:39  SCV  
  20  1:40  Refinery  
  20  1:51  SCV  
  20  1:53  Marine  
  22  2:03  SCV  
  23  2:11  Marine  
  25  2:15  SCV  
  25  2:20  Barracks  
  25  2:27  Barracks, SCV  
  25  2:29  Marine  
  27  2:35  Factory  
  27  2:40  Orbital Command  
  26  2:47  Marine  
  26  2:48  Supply Depot  
  27  3:05  Marine  
  28  3:14  Barracks Reactor  
  28  3:20  Barracks Tech Lab  
  28  3:22  Starport, Widow Mine  
  28  3:23  Marine  
  28  3:26  SCV  
  32  3:34  Supply Depot  
  32  3:38  SCV  
  32  3:40  Stimpack  
  33  3:50  Marine x2  
  35  3:58  Medivac  
  37  4:15  Command Center  
  37  4:18  Marine  
  38  4:27  Marine  
  38  4:28  Medivac  
  41  4:37  Marine  
  42  4:39  Marauder  
  42  4:41  Marine  
  45  4:47  Marine  
  46  4:59  Marine  
  47  5:16  Marine  
  47  5:19  Marine  
  47  5:21  Marine  
  49  5:23  Marauder  
  52  5:28  Orbital Command  
  52  5:40  Combat Shields  
  49  5:52  Liberator  
  49  5:56  Orbital Command  
  42  6:01  Marine x2  
  44  6:08  Factory Tech Lab  
  47  6:15  Marauder  
  49  6:19  Marine x2  
  49  6:24  Barracks Reactor, Engineering Bay  
  51  6:27  SCV  
  52  6:36  Marine  
  52  6:39  SCV  
  54  6:40  Barracks  
  54  6:43  Cyclone  
  57  6:47  SCV  
  57  6:51  SCV  
  59  6:59  SCV  
  60  7:03  SCV  
  60  7:07  Engineering Bay  
  61  7:08  Marine  
  61  7:09  Marine x3  
  61  7:11  SCV  
  61  7:12  Marauder  
  61  7:15  SCV  
  67  7:24  SCV  
  67  7:27  SCV  
  69  7:36  SCV  
  70  7:41  Supply Depot  
  70  7:42  Terran Infantry Weapons Level 1, Terran Infantry Armor Level 1  
  70  7:51  Supply Depot  
  70  7:52  Mag-Field Accelerator  
  70  8:02  Cyclone, SCV  
  70  8:03  Armory  
  70  8:04  Supply Depot  
  74  8:06  Refinery  
  74  8:07  Refinery  
  74  8:15  SCV  
  74  8:18  Marine x4  
  79  8:22  Factory  
  79  8:27  Supply Depot, SCV  
  80  8:39  SCV  
  81  8:50  Marauder  
  81  8:51  SCV  
  84  8:59  Command Center  
  84  9:03  SCV  
  85  9:11  Marauder  
  85  9:15  Barracks Tech Lab, SCV  
  88  9:27  SCV  
  89  9:32  Marauder  
  89  9:35  Armory  
  88  9:43  Barracks Tech Lab  
  88  9:44  Barracks Tech Lab  
  88  9:54  Marauder  
  88  9:59  Barracks Tech Lab  
Tags
 
Composition
MMM Bio
Matchup
PvT
Replay Pack
rep
Add a new tag
Caveats
  • Supply blocks, unpowered buildings, or Contaminate may cause inaccurate times.
  • Supply counts are checked every 10 seconds.